 Dungeon Crawl Stone Soup version 0.31-a0-426-g3a05650e59 (webtiles) character file.

Game seed: 9420812097872184650

122 cforsyth the Charlatan (level 5, -1/40 HPs)
             Began as a Gnoll Artificer on July 30, 2023.
             Slain by a scorpion (6 damage)
             ... on level 3 of the Dungeon.
             The game lasted 00:02:46 (2397 turns).

cforsyth the Charlatan (Gnoll Artificer)            Turns: 2397, Time: 00:02:47

Health: -1/40      AC:  3    Str: 13    XL:     5   Next: 6%
Magic:  7/7        EV: 12    Int: 11    God:
Gold:   76         SH:  0    Dex: 12    Spells: 6/6 levels left

rFire   . . .        i - +2 short sword (vamp)
rCold   . . .        (no shield)
rNeg    . . .        b - +0 leather armour
rPois   .            (no helmet)
rElec   .            (no cloak)
rCorr   .            (no gloves)
SInv    .            (no boots)
Will    .....        (no amulet)
Stlth   ++           (no ring)
HPRegen 0.26/turn    (no ring)
MPRegen 0.10/turn

%: no passive effects
@: lethally poisoned (-1 -> -16)
A: fangs 1, strong nose, distributed training
a: no special abilities


You were on level 3 of the Dungeon.
You visited 1 branch of the dungeon, and saw 3 of its levels.

You collected 76 gold pieces.

Inventory:

Hand Weapons
 a - a +0 club
 i - a +2 vampiric short sword (weapon)
Armour
 b - a +0 leather armour (worn)
Wands
 c - a wand of flame (11) (quivered)
 d - a wand of charming (15)
 e - a wand of iceblast (4)
Scrolls
 f - 5 scrolls of identify {unknown}
 h - a scroll of blinking {unknown}
 k - 2 scrolls of fear {unknown}
 m - a scroll of vulnerability {unknown}
 n - a scroll of noise {unknown}
Potions
 g - 3 potions of curing {unknown}
 j - a potion of magic {unknown}
 l - 2 potions of haste {unknown}


   Skills:
 + Level 2.9 Fighting
 + Level 1.3 Short Blades
 + Level 1.3 Long Blades
 + Level 1.3 Axes
 + Level 1.3 Maces & Flails
 + Level 1.3 Polearms
 + Level 1.3 Staves
 + Level 1.3 Ranged Weapons
 + Level 1.3 Throwing
 + Level 4.7 Armour
 + Level 2.9 Dodging
 + Level 2.7 Stealth
 + Level 1.3 Shields
 + Level 1.3 Unarmed Combat
 + Level 1.3 Spellcasting
 + Level 1.1 Conjurations
 + Level 1.1 Hexes
 + Level 1.1 Summonings
 + Level 1.1 Necromancy
 + Level 1.1 Translocations
 + Level 1.1 Transmutations
 + Level 1.1 Fire Magic
 + Level 1.1 Ice Magic
 + Level 1.1 Air Magic
 + Level 1.1 Earth Magic
 + Level 1.1 Poison Magic
 + Level 1.5 Invocations
 + Level 6.6 Evocations
 + Level 1.1 Shapeshifting


You had 6 spell levels left.
You didn't know any spells.
Your spell library contained the following spells:

 Spells                   Type           Power      Damage    Failure   Level
 Apportation              Tloc           6%         N/A       24%         1
 Alistair's Intoxication  Tmut/Pois      2%         N/A       100%        5


Dungeon Overview and Level Annotations

Branches:
Dungeon (3/15)

Altars:

Shops:
D:1 :


Innate Abilities, Weirdness & Mutations

You have very sharp teeth.
Your uncanny sense of smell can sniff out nearby items.
Your experience applies equally to all skills.


Message History

You hit the scorpion.
You feel better.
The scorpion is severely wounded.
You feel sick. The scorpion stings you.
You are more poisoned.
The scorpion poisons you!
You are too injured to fight recklessly!
You are too injured to fight recklessly!
You are too injured to fight recklessly!
You are too injured to fight recklessly!
You are too injured to fight recklessly!
You are too injured to fight recklessly!
You are too injured to fight recklessly!
You are too injured to fight recklessly!
You are too injured to fight recklessly!
You are too injured to fight recklessly!
You are too injured to fight recklessly!
You are too injured to fight recklessly!
You are too injured to fight recklessly!
You hit the scorpion.
You feel better.
The scorpion is severely wounded.
You feel very sick. The scorpion closely misses you.
You hit the scorpion.
The scorpion is almost dead.
You feel very sick. The scorpion barely misses you. The scorpion stings you.
You are lethally poisoned!
The scorpion poisons you!
You closely miss the scorpion.
The scorpion is almost dead.
* * * LOW HITPOINT WARNING * * *
You feel very sick. The scorpion closely misses you.
You hit the scorpion but do no damage.
You bite the scorpion, but do no damage.
The scorpion is almost dead.
* * * LOW HITPOINT WARNING * * *
You feel very sick. The scorpion stings you.
You die...

........# ..
...#########.####
#.##.......<........
#.#.....#######..###
∆ ...........# #..###
#......##^# #.....
#.#...###.####...##
#.##.>...........##
#.#.@s....#.####.#.##
#r.......?...#.###.#
#.#....##.#.#..## ##.
#.
#.#####.#.#.#.###g#
∆.. ... #.#.#.##.#g##
..#.### #.#.#......)#
# . #s#.######).#
#.#....g....#
#.#########.#


You could see a scorpion and a rat.

Vanquished Creatures
  A gnoll bouda (D:3)
  4 gnolls
  An adder (D:2)
  A worm (D:2)
  A dart slug (D:1)
  An orc (D:3)
  2 ball pythons (D:1)
  5 endoplasms
  A giant cockroach (D:1)
  2 goblins (D:1)
  5 hobgoblins
  7 kobolds
  A quokka (D:2)
  5 bats
  4 frilled lizards (D:1)
  3 rats (D:1)
44 creatures vanquished.

Notes
Turn   | Place    | Note
-------+----------+-------------------------------------------
     0 | D:1      | cforsyth the Gnoll Artificer began the quest for the Orb.
     0 | D:1      | Reached XP level 1. HP: 17/17 MP: 1/1
   131 | D:1      | Reached XP level 2. HP: 16/23 MP: 2/2
   223 | D:1      | HP: 1/23 [frozen (2)]
   379 | D:1      | Found a faded altar of an unknown god.
   505 | D:1      | Found Xenakae's Book Boutique.
   758 | D:1      | Reached XP level 3. HP: 24/28 MP: 3/3
  1317 | D:2      | Reached skill level 1 in Invocations
  1476 | D:2      | Reached skill level 1 in Short Blades
  1476 | D:2      | Reached skill level 1 in Long Blades
  1476 | D:2      | Reached skill level 1 in Axes
  1476 | D:2      | Reached skill level 1 in Maces & Flails
  1476 | D:2      | Reached skill level 1 in Polearms
  1476 | D:2      | Reached skill level 1 in Staves
  1476 | D:2      | Reached skill level 1 in Ranged Weapons
  1476 | D:2      | Reached skill level 1 in Throwing
  1476 | D:2      | Reached skill level 1 in Shields
  1476 | D:2      | Reached skill level 1 in Unarmed Combat
  1476 | D:2      | Reached skill level 1 in Spellcasting
  2035 | D:3      | Reached XP level 4. HP: 34/34 MP: 5/5
  2101 | D:2      | Reached skill level 1 in Conjurations
  2101 | D:2      | Reached skill level 1 in Hexes
  2101 | D:2      | Reached skill level 1 in Summonings
  2101 | D:2      | Reached skill level 1 in Necromancy
  2101 | D:2      | Reached skill level 1 in Translocations
  2101 | D:2      | Reached skill level 1 in Transmutations
  2101 | D:2      | Reached skill level 1 in Fire Magic
  2101 | D:2      | Reached skill level 1 in Ice Magic
  2101 | D:2      | Reached skill level 1 in Air Magic
  2101 | D:2      | Reached skill level 1 in Earth Magic
  2101 | D:2      | Reached skill level 1 in Poison Magic
  2101 | D:2      | Reached skill level 1 in Shapeshifting
  2370 | D:3      | Reached XP level 5. HP: 20/40 MP: 5/7
  2397 | D:3      | Slain by a scorpion

Illustrated notes

Levels and vault maps discovered:
D:1:      dpeg_arrival_houses_and_road, layout_loops_corners, serial_shops,
          shop, shapermc_ecumenical_altar_totnotflames
D:2:      layout_basic
D:3:      layout_loops_ring, minmay_overflow_temple_star_hex

Skill      XL: |  1  2  3  4 |
---------------+-------------+-----
Invocations    | 1 |  1.5
Short Blades   | 1 |  1.3
Long Blades    | 1 |  1.3
Axes           | 1 |  1.3
Maces & Flails | 1 |  1.3
Polearms       | 1 |  1.3
Staves         | 1 |  1.3
Ranged Weapons | 1 |  1.3
Throwing       | 1 |  1.3
Shields        | 1 |  1.3
Unarmed Combat | 1 |  1.3
Spellcasting   | 1 |  1.3
Conjurations   | 1 |  1.1
Hexes          | 1 |  1.1
Summonings     | 1 |  1.1
Necromancy     | 1 |  1.1
Translocations | 1 |  1.1
Transmutations | 1 |  1.1
Fire Magic     | 1 |  1.1
Ice Magic      | 1 |  1.1
Air Magic      | 1 |  1.1
Earth Magic    | 1 |  1.1
Poison Magic   | 1 |  1.1
Shapeshifting  | 1 |  1.1
Fighting       | |  2.9
Armour         | |  4.7
Dodging        | |  2.9
Stealth        | |  2.7
Evocations     | |  6.6

Action                     |  1- 3 |  4- 6 || total
---------------------------+-------+-------++-------
  Melee: Club              |    94 |       ||    94
         Bite              |    12 |     2 ||    14
         Punch             |     3 |     1 ||     4
         Short sword       |    62 |    26 ||    88
  Evoke: Wand              |     2 |     3 ||     5
   Stab: Sleeping          |     5 |       ||     5
 Armour: Leather armour    |    52 |       ||    52
  Dodge: Dodged            |    92 |    15 ||   107

Table legend: (Time is in decaauts)
 A = Elapsed time spent in this place.
 B = Non-inter-level travel time spent in this place.
 C = Inter-level travel time spent in this place.
 D = Time resting spent in this place.
 E = Time spent auto-exploring this place.
 F = Levels seen in this place.
 G = Mean time per level.
                   A        B        C        D        E       F      G
               +--------+--------+--------+--------+--------+-----+--------+
         Total |   2423 |   2320 |    103 |    248 |   1662 |   3 |  807.7 |
       Dungeon |   2423 |   2320 |    103 |    248 |   1662 |   3 |  807.7 |
               +--------+--------+--------+--------+--------+-----+--------+

Top non-repeatable levels by time:
     D:1: 1320 daAuts
     D:2: 988 daAuts
     D:3: 114 daAuts
